 Dungeon Crawl Stone Soup version 0.31.0-11-ge490571c62 (webtiles) character file.

Game seed: 13451751566274118540

891 Persephone the Carver (level 7, -3/56 HPs)
             Began as a Minotaur Gladiator on Feb 1, 2024.
             Was an Initiate of Hepliaklqana.
             Slain by a yak (11 damage)
             ... on level 6 of the Dungeon.
             The game lasted 00:05:47 (4933 turns).

Persephone the Carver (Minotaur Gladiator)          Turns: 4933, Time: 00:05:47

Health: -3/56      AC:  6    Str: 18    XL:     7   Next: 77%
Magic:  6/6        EV: 12    Int:  5    God:    Hepliaklqana [......]
Gold:   250        SH:  0    Dex: 14    Spells: 6/6 levels left

rFire   . . .        a - +1 long sword
rCold   . . .        (no shield)
rNeg    . . .        k - +0 ring mail
rPois   +            c - +0 hat
rElec   .            u - +0 cloak
rCorr   .            (no gloves)
SInv    .            (no boots)
Will    .....        (no amulet)
Stlth   +            f - ring of poison resistance
HPRegen 0.29/turn    (no ring)
MPRegen 0.10/turn

%: no passive effects
@: no status effects
A: horns 2, retaliatory headbutt
a: Renounce Religion


You were on level 6 of the Dungeon.
You worshipped Hepliaklqana.
Hepliaklqana was noncommittal.
You visited 2 branches of the dungeon, and saw 7 of its levels.

You collected 250 gold pieces.

Inventory:

Hand Weapons
 a - a +1 long sword (weapon)
Missiles
 d - 3 throwing nets (quivered)
 e - a javelin
Armour
 c - a +0 hat (worn)
 k - a +0 ring mail (worn)
 u - a +0 cloak (worn)
Jewellery
 f - a ring of poison resistance (left hand)
Scrolls
 g - 3 scrolls of identify
 m - a scroll of amnesia
 o - 2 scrolls of teleportation
 t - a scroll of brand weapon {unknown}
Potions
 b - a potion of mutation {unknown}
 h - 2 potions of magic {unknown}
 i - a potion of cancellation {unknown}
 j - 2 potions of lignification
 l - 4 potions of curing
 n - a potion of heal wounds {unknown}
 p - a potion of enlightenment {unknown}
 q - a potion of degeneration {unknown}
 r - a potion of brilliance {unknown}
 s - a potion of attraction {unknown}


   Skills:
 - Level 2.4 Fighting
 + Level 11.2 Long Blades
 - Level 2.0 Throwing
 - Level 3.2 Dodging


You had 6 spell levels left.
You didn't know any spells.
Your spell library contained the following spells:

 Spells                   Type           Power      Damage    Failure   Level
 Apportation              Tloc           0%         N/A       67%         1
 Freeze                   Ice            0%         1d3       67%         1
 Kiss of Death            Conj/Necr      0%         2d5       67%         1
 Necrotise                Necr           0%         1d4       67%         1
 Sting                    Conj/Alch      0%         1d3       67%         1
 Summon Small Mammal      Summ           0%         N/A       67%         1
 Mercury Vapours          Alch/Air       0%         N/A       82%         2
 Fugue of the Fallen      Necr           0%         N/A       96%         3
 Hailstorm                Conj/Ice       0%         3d5       96%         3
 Mephitic Cloud           Conj/Alch/Air  0%         N/A       96%         3
 Summon Ice Beast         Ice/Summ       0%         N/A       96%         3
 Freezing Cloud           Conj/Ice/Air   0%         6-21      100%        5
 Sculpt Simulacrum        Ice/Alch       0%         N/A       100%        6
 Death's Door             Necr           0%         N/A       100%        9


Dungeon Overview and Level Annotations

Branches:
Dungeon (6/15)             Temple (1/1) D:5

Altars:
Dithmenos
Elyvilon
Fedhas
Hepliaklqana
Kikubaaqudgha
Makhleb
Okawaru
Ru
Sif Muna
Trog
Vehumet
Xom
Yredelemnul
Zin
The Shining One


Innate Abilities, Weirdness & Mutations

You have a pair of horns on your head.
You reflexively headbutt those who attack you in melee.


Message History

You finish putting on your +0 cloak.
Auto Killed stopped - Done exploring.
Done exploring.
What level of the Dungeon? (default 1, ? - help)
There is an open translucent door here.
Things that are here:
a +2 quarterstaff of chaos; the gnoll corpse of Crazy Yiuf
There is a stone staircase leading down here.
You climb downwards.
Auto kill stopped - Too dangerous: Extremely Dangerous (3) Dangerous (0) Easy (0) Harmless (0) x6
The yak bellows! x3
Auto kill stopped - Too dangerous: Extremely Dangerous (3) Dangerous (0) Easy (0) Harmless (0) x3
There is a stone staircase leading up here.
Auto kill stopped - Too dangerous: Extremely Dangerous (3) Dangerous (0) Easy (0) Harmless (0)
There are monsters nearby!
Auto kill stopped - Too dangerous: Extremely Dangerous (3) Dangerous (0) Easy (0) Harmless (0)
The yak attacks as it pursues you! The yak gores you!
You slash the yak! You headbutt the yak, but do no damage.
The yak is moderately wounded.
You barely miss the yak.
The yak is moderately wounded.
The yak closely misses you.
You hit the yak.
The yak is moderately wounded.
The yak closely misses you.
You barely miss the yak. Your headbutt misses the yak.
The yak is moderately wounded.
The yak falls through a shaft!
The shaft crumbles and collapses.
The yak gores you! The yak gores you.
There is a stone staircase leading up here.
The yak attacks as it pursues you! The yak gores you!
* * * LOW HITPOINT WARNING * * *
The yak barely misses you. You furiously retaliate!
You headbutt the yak! The yak attacks as it pursues you! The yak gores you!
* * * LOW HITPOINT WARNING * * *
It was a potion of curing.
You feel better. The yak barely misses you.
You closely miss the yak. You headbutt the yak!
The yak is moderately wounded.
The yak gores you!
You die...

#.# #.#
#># # #.#
###..
#.##!..
#####.#..#
#.......#
. #@#
#..###Y#
#.....Y###
#.####.<.#
#.#.#
#.#..#
#.##...
#.# #.$.#
#.# .###


You could see 2 yaks.

Vanquished Creatures
  2 black bears (D:5)
  2 ogres (D:5)
  2 scorpions
  3 orc priests
  2 hounds (D:5)
  Crazy Yiuf (D:5)
  An orc wizard (D:3)
  3 gnolls (D:3)
  9 adders
  5 dart slugs
  2 ribbon worms
  13 orcs
  7 ball pythons
  6 endoplasms
  5 giant cockroaches
  10 goblins
  9 hobgoblins
  3 jackals (D:1)
  3 quokkas
  8 bats
  2 frilled lizards (D:1)
  7 kobolds
  2 rats
107 creatures vanquished.

Notes
Turn   | Place    | Note
-------+----------+-------------------------------------------
     0 | D:1      | Persephone the Minotaur Gladiator began the quest for the
                  | Orb.
     0 | D:1      | Reached XP level 1. HP: 18/18 MP: 0/0
    65 | D:1      | Reached skill level 4 in Long Blades
    99 | D:1      | Reached XP level 2. HP: 25/25 MP: 1/1
   450 | D:1      | Reached skill level 5 in Long Blades
   872 | D:1      | Reached XP level 3. HP: 30/30 MP: 2/2
  1605 | D:2      | Reached skill level 6 in Long Blades
  1605 | D:2      | Reached XP level 4. HP: 32/37 MP: 3/3
  1823 | D:3      | Reached skill level 7 in Long Blades
  1823 | D:3      | Reached XP level 5. HP: 15/42 MP: 4/4
  2423 | D:3      | Identified the amulet "Licrufi" {Faith rPois rC++ Dex-5
                  | Stlth+}
  2559 | D:4      | Reached skill level 8 in Long Blades
  3153 | D:4      | Reached XP level 6. HP: 43/50 MP: 5/5
  3480 | D:5      | Entered Level 5 of the Dungeon
  3537 | D:5      | Reached skill level 9 in Long Blades
  3656 | D:5      | Reached XP level 7. HP: 56/56 MP: 6/6
  3660 | D:5      | Reached skill level 10 in Long Blades
  3899 | D:5      | Got the Compilation of Grisly Graupel
  3955 | D:5      | Found a staircase to the Ecumenical Temple.
  4015 | Temple   | Entered the Ecumenical Temple
  4071 | Temple   | Became a worshipper of Hepliaklqana the Forgotten
  4550 | D:5      | Found a burning altar of Makhleb.
  4598 | D:5      | Reached skill level 11 in Long Blades
  4867 | D:5      | Found a runed translucent door.
  4869 | D:5      | Noticed Crazy Yiuf
  4880 | D:5      | Killed Crazy Yiuf
  4922 | D:6      | Noticed a yak
  4922 | D:6      | Noticed a yak
  4922 | D:6      | Noticed a yak
  4930 | D:6      | HP: 2/56 [yak (14)]
  4933 | D:6      | Slain by a yak

Illustrated notes

Levels and vault maps discovered:
D:1:      lemuel_arrival_muddy, layout_loops_ring, serial_forest,
          infiniplex_forest_straight_1, infiniplex_forest_straight_2,
          infiniplex_forest_end_3, infiniplex_forest_zigzag_2,
          infiniplex_forest_pool, infiniplex_forest_lined_2,
          infiniplex_forest_lined_room_, infiniplex_forest_clump_tiny,
          nicolae_concentric_dashed_squares_mild, chequers_mini_garden
D:2:      layout_rooms
D:3:      layout_loops_ring
D:4:      layout_loops_corners
D:5:      layout_basic, mainiacjoe_overflow_tiny_flanked,
          minmay_temple_entry_poolview, serial_glass, glass_columns_c,
          glass_columns_a, item_on_display_a, minmay_misc_feat_columns,
          uniq_crazy_yiuf_cottage
D:6:      layout_rooms, overflow_temple_1_default, st_stairs_14
Temple:   dpeg_chambers_temple

Skill      XL: |  1  2  3  4  5  6  7 |
---------------+----------------------+-----
Long Blades    | 4 5 6 7 8 9 11 | 11.2
Fighting       | |  2.4
Throwing       | |  2.0
Dodging        | |  3.2

Action                     |  1- 3 |  4- 6 |  7- 9 || total
---------------------------+-------+-------+-------++-------
  Melee: Long sword        |   124 |   120 |    59 ||   303
         Headbutt          |    34 |    29 |    15 ||    78
         Punch             |     1 |     2 |     2 ||     5
    Use: Scroll            |       |     5 |       ||     5
         Potion            |       |       |     1 ||     1
 Armour: Leather armour    |    36 |    59 |    10 ||   105
         Ring mail         |       |       |    21 ||    21
  Dodge: Dodged            |    54 |    74 |    40 ||   168
